 Dungeon Crawl Stone Soup version 0.27.1-34-g3ba077fa99 (webtiles) character file.

Game seed: 15293026391502044225

9383 raph the Geomancer (level 11, -1/62 HPs)
             Began as a Gargoyle Earth Elementalist on Jan 14, 2022.
             Was a Believer of Sif Muna.
             Splashed by an orc warrior's acid (14 damage)
             ... on level 10 of the Dungeon.
             The game lasted 00:23:26 (13856 turns).

raph the Geomancer (Gargoyle Earth Elementalist)   Turns: 13856, Time: 00:23:26

Health: -1/62      AC: 16    Str: 19    XL:     11   Next: 45%
Magic:  10/17      EV: 11    Int: 18    God:    Sif Muna [**....]
Gold:   388        SH:  5    Dex: 10    Spells: 8/18 levels left

rFire    + . .     SeeInvis .   a - +9 lance "Wyrmbane" {slay drac, rPois rF+ rC+ AC+3}
rCold    + + .     Faith    .   f - +1 buckler
rNeg     + . .     Spirit   .   B - +0 swamp dragon scales
rPois    ∞         Reflect  .   y - +1 helmet
rElec    +         Harm     .   x - +0 cloak
rCorr    .         Rampage  .   (no gloves)
Will     .....                  t - +0 pair of boots
Stlth    +.........             (no amulet)
HPRegen  0.20/turn              o - +6 ring of strength
MPRegen  0.15/turn              w - ring of protection from cold

@: corroded
A: sickness immunity, AC +8, negative energy resistance 1, electricity
resistance, torment resistance 1, petrification resistance
a: Renounce Religion, Channel Magic


You were on level 10 of the Dungeon.
You worshipped Sif Muna.
Sif Muna was pleased with you.
You visited 3 branches of the dungeon, and saw 12 of its levels.

You collected 664 gold pieces.
You spent 276 gold pieces at shops.

Inventory:

Hand Weapons
 a - the +9 lance "Wyrmbane" (weapon) {slay drac, rPois rF+ rC+ AC+3}
   (You took it off Maggie on level 7 of the Dungeon)

   It inflicts extra damage against dragons and draconians.
   AC:        It affects your AC (+3).
   rF:        It protects you from fire.
   rC:        It protects you from cold.
   rPois:     It protects you from poison.
 r - a +1 long sword
Missiles
 c - 59 stones
Armour
 b - a +0 robe
 f - a +1 buckler (worn)
 p - a +0 robe of positive energy
 t - a +0 pair of boots (worn)
 x - a +0 cloak (worn)
 y - a +1 helmet (worn)
 z - a +1 robe of positive energy
 B - +0 swamp dragon scales (worn)
 F - a +2 leather armour of poison resistance
Magical Staves
 H - a staff of fire
Jewellery
 o - a +6 ring of strength (left hand)
 w - a ring of protection from cold (right hand)
Wands
 g - a wand of acid (7)
 j - a wand of iceblast (9)
 k - a wand of digging (3)
 A - a wand of paralysis (14)
Scrolls
 d - 2 scrolls of blinking
 l - 6 scrolls of enchant weapon
 m - 4 scrolls of teleportation
Potions
 e - 2 potions of might
 h - 3 potions of curing
 i - a potion of cancellation
 n - a potion of ambrosia
 q - 2 potions of brilliance
 s - a potion of magic
 u - a potion of flight
 v - a potion of invisibility
 C - 3 potions of heal wounds
 D - 2 potions of attraction
 G - a potion of mutation {unknown}


   Skills:
 + Level 4.6 Fighting
 + Level 2.5 Polearms
 + Level 4.4 Armour
 + Level 3.9 Dodging
 - Level 2.1 Stealth
 - Level 4.0 Shields
 + Level 4.4 Spellcasting
 + Level 10.9 Conjurations
 - Level 0.7 Transmutations
 + Level 12.6 Earth Magic


You had 8 spell levels left.
You knew the following spells:

 Your Spells              Type           Power      Damage    Failure   Level
a - Sandblast             Erth           98%        2d20      1%          1
b - Passwall              Tmut/Erth      22%        N/A       2%          2
c - Stone Arrow           Conj/Erth      92%        3d12      1%          3
d - Sticky Flame          Conj/Fire      23%        2d4       26%         4

Your spell library contained the following spells:

 Spells                   Type           Power      Damage    Failure   Level
 Static Discharge         Conj/Air       23%        N/A       3%          2
 Petrify                  Tmut/Erth      27%        N/A       16%         4
 Gell's Gravitas          Tloc           1%         N/A       56%         3
 Teleport Other           Tloc           3%         N/A       56%         3
 Dispel Undead            Necr           3%         3d7       93%         4
 Dispersal                Tloc           1%         N/A       100%        6
 Disjunction              Tloc           1%         N/A       100%        8


Dungeon Overview and Level Annotations

Branches:
Dungeon (10/15)            Temple (1/1) D:7            Lair (1/6) D:9
    Orc: D:9-12

Altars:
Ashenzari
Cheibriados
Dithmenos
Elyvilon
Fedhas
Gozag
Hepliaklqana
Makhleb
Nemelex Xobeh
Okawaru
Qazlal
Ru
Sif Muna
Trog
Uskayaw
Vehumet
Wu Jian
Xom
Yredelemnul
Zin
The Shining One

Shops:
D:1 !   D:5 :   D:8 ([   D:10 *

Annotations:
D:5 3 runed translucent doors, Silentstumbler's ghost, novice TrBe
D:9 2 transporters, othur's ghost, novice DECj


Innate Abilities, Weirdness & Mutations

You are immune to sickness and miasma.
Your stone body is resilient. (AC +8)
You are immune to poison.
You resist negative energy. (rN+)
You are resistant to electric shocks. (rElec)
You are resistant to unholy torment.
You are immune to petrification.


Message History

Found 10 gold pieces.
There is an entrance to Dygi Ter's General Store here.
You now have 304 gold pieces (gained 12).
You now have 315 gold pieces (gained 11).
You now have 328 gold pieces (gained 13).
You now have 338 gold pieces (gained 10).
You now have 348 gold pieces (gained 10).
You now have 360 gold pieces (gained 12).
You now have 378 gold pieces (gained 18).
There is an entrance to Dygi Ter's General Store here.
You can access your shopping list by pressing '$'.
You now have 388 gold pieces (gained 10).
An orc warrior comes into view.
It is wielding a +0 mace and carrying a wand of acid (8).
Found a stone staircase leading down.
The orc warrior shouts!
You hear an angry hiss.
You hear a shout!
The orc warrior zaps a wand.
The bolt of acid hits you! The acid corrodes you!
You are splashed with acid!
Casting: Sandblast (safe; 1% risk of failure)
Confirm with . or Enter, or press ? or * to list all spells.
Aiming: Stone Arrow (safe; 1% risk of failure)
Press: ? - help, Shift-Dir - straight line, f - orc warrior
Aim: an orc warrior, wielding a +0 mace, wearing a +0 chain mail and carrying a wand of acid (7) (73% to hit)
The stone arrow misses the orc warrior.
Casting: Stone Arrow (safe; 1% risk of failure)
Confirm with . or Enter, or press ? or * to list all spells.
Aiming: Stone Arrow (safe; 1% risk of failure)
Press: ? - help, Shift-Dir - straight line, f/p - orc warrior
Aim: an orc warrior, wielding a +0 mace, wearing a +0 chain mail and carrying a wand of acid (7) (73% to hit)
The stone arrow misses the orc warrior.
The orc warrior zaps a wand.
The bolt of acid misses you.
An orc wizard comes into view. It is wielding a +0 dagger.
Aiming: Sandblast (safe; 1% risk of failure)
Press: ? - help, Q - select action, (/) - cycle Shift-Dir - straight line, f/p - orc warrior
Aim: an orc warrior, wielding a +0 mace, wearing a +0 chain mail and carrying a wand of acid (6) (81% to hit)
The blast of sand misses the orc warrior.
The orc wizard shouts!
The orc warrior zaps a wand.
The bolt of acid hits you!!
* * * LOW HITPOINT WARNING * * *
The acid corrodes you!
You are splashed with acid!
You die...

*#.............∩.........#
*#...................#...#
,#.>......#######).......##
*#.......##** #...........#
............###...........#**
....#......................,**
........$..................,,*
!..........................,,*
,,,,,,,,,.......@..........,,*
,,,,,,,,,.>..o.............,,**
,,,,,,,,,..................,,,*
,,,,,,,,,..................,,,***
,,,,,,,,,..................,,,,,,
,,,,,,,,,o......##.....####,,,,,,
,,,,,,,**.......*......# *,,,,,,
,,,,,,,**#......*,.....# *******
,,,,,,** ****,,,*,,,****


You could see an orc warrior and an orc wizard.

Vanquished Creatures
  A hydra (Lair:1)
  A two-headed ogre (D:8)
  Pikel (D:7)
  A cane toad (Lair:1)
  Maggie (D:7)
  A komodo dragon (Lair:1)
  A queen bee (Lair:1)
  A troll (D:8)
  A blink frog (Lair:1)
  Sigmund (D:2)
  A wraith (D:9)
  2 wyverns (D:7)
  5 yaks (Lair:1)
  A steam dragon (D:8)
  3 water moccasins
  2 sky beasts (D:6)
  An orc warrior (D:9)
  A black bear (D:6)
  An ice beast (D:7)
  3 ogres
  2 necrophages
  5 centaurs
  A phantom (D:6)
  2 kobold brigands
  5 bullfrogs
  A gnoll sergeant (D:9)
  33 killer bees
  A howler monkey (D:6)
  A bullfrog zombie (D:6)
  3 centaur zombies
  4 orc priests
  3 jellies
  2 bullfrog skeletons
  A hound (D:4)
  A centaur skeleton (D:7)
  Ijyb (D:3)
  3 iguanas (D:5)
  10 orc wizards
  A killer bee zombie (D:6)
  A mummy (D:6)
  A howler monkey zombie (D:5)
  7 gnolls
  A howler monkey skeleton (D:6)
  6 adders
  3 white imps
  2 ufetubi (D:6)
  A worm (D:3)
  5 dart slugs
  14 orcs
  5 ball pythons
  10 endoplasms
  A giant cockroach (D:3)
  4 goblins
  7 hobgoblins
  4 jackals (D:1)
  3 quokkas
  A bat (D:1)
  2 frilled lizards (D:1)
  14 kobolds
  6 rats
208 creatures vanquished.

Vanquished Creatures (others)
  4 fungi (Lair:1)
  16 plants
20 creatures vanquished.

Grand Total: 228 creatures vanquished

Notes
Turn   | Place    | Note
-------+----------+-------------------------------------------
     0 | D:1      | raph the Gargoyle Earth Elementalist began the quest for
                  | the Orb.
     0 | D:1      | Reached XP level 1. HP: 10/10 MP: 3/3
    88 | D:1      | Reached skill level 4 in Earth Magic
   104 | D:1      | Found a faded altar of an unknown god.
   373 | D:1      | Reached XP level 2. HP: 15/15 MP: 3/5
   460 | D:1      | Learned a level 2 spell: Passwall
   849 | D:1      | Found Vuuhuf's Distillery.
   855 | D:1      | Reached XP level 3. HP: 7/19 MP: 6/6
  1435 | D:1      | Reached skill level 1 in Shields
  1435 | D:1      | Reached skill level 5 in Earth Magic
  1671 | D:2      | Noticed Sigmund
  1795 | D:3      | Noticed Ijyb
  1802 | D:3      | Learned a level 3 spell: Stone Arrow
  2620 | D:4      | Reached XP level 4. HP: 24/24 MP: 0/7
  3210 | D:3      | Killed Ijyb
  3211 | D:3      | Reached skill level 1 in Conjurations
  3335 | D:3      | Reached XP level 5. HP: 28/28 MP: 6/8
  4861 | D:2      | Killed Sigmund
  4862 | D:2      | Reached skill level 6 in Earth Magic
  4862 | D:2      | Reached XP level 6. HP: 32/32 MP: 0/9
  5487 | D:1      | Bought a potion of heal wounds for 60 gold pieces
  5487 | D:1      | Bought a potion of magic for 96 gold pieces
  5532 | D:5      | Entered Level 5 of the Dungeon
  5619 | D:5      | Reached XP level 7. HP: 13/36 MP: 6/10
  5897 | D:5      | Found Rias's Book Shop.
  5938 | D:5      | Reached skill level 7 in Earth Magic
  6065 | D:5      | Found a sacrificial altar of Ru.
  6128 | D:5      | Reached skill level 5 in Conjurations
  6308 | D:5      | Reached XP level 8. HP: 41/41 MP: 7/11
  6549 | D:5      | Found a runed translucent gate.
  6550 | D:5      | Found a runed translucent gate.
  6551 | D:5      | Found a runed translucent gate.
  6553 | D:5      | Noticed Silentstumbler's ghost (novice TrBe)
  6689 | D:6      | Reached skill level 8 in Earth Magic
  7499 | D:6      | Reached skill level 9 in Earth Magic
  7905 | D:6      | Reached XP level 9. HP: 45/45 MP: 5/12
  8163 | D:6      | Reached skill level 10 in Earth Magic
  8440 | D:6      | Found a glowing silver altar of Zin.
  8440 | D:6      | Noticed an angel
  8978 | D:7      | Noticed Pikel
  8991 | D:7      | Killed Pikel
  9149 | D:7      | Found a hazy altar of Hepliaklqana.
  9224 | D:7      | Reached skill level 11 in Earth Magic
  9396 | D:7      | Noticed Maggie
  9408 | D:7      | Killed Maggie
  9518 | D:7      | Reached XP level 10. HP: 41/50 MP: 4/13
  9915 | D:7      | Found a staircase to the Ecumenical Temple.
  9924 | Temple   | Entered the Ecumenical Temple
  9985 | Temple   | Became a worshipper of Sif Muna the Loreminder
 10169 | D:7      | Reached skill level 10 in Conjurations
 10230 | D:8      | Reached skill level 1 in Fighting
 10322 | D:8      | Found Jap Syut's Hydra Hut.
 10324 | D:8      | Noticed a six-headed hydra
 10342 | D:8      | Reached skill level 1 in Armour
 10546 | D:8      | Found Haquw's Antique Armour Emporium.
 10549 | D:8      | Bought a runed leather armour for 120 gold pieces
 10563 | D:8      | Noticed a two-headed ogre
 10567 | D:8      | Killed a two-headed ogre
 10654 | D:8      | Found an opulent altar of Gozag.
 11091 | D:9      | Reached skill level 12 in Earth Magic
 11118 | D:9      | Found a transporter.
 11125 | D:9      | Noticed othur's ghost (novice DECj)
 11225 | D:9      | Found a transporter.
 11323 | D:9      | Found a staircase to the Lair.
 11762 | D:9      | Reached * piety under Sif Muna
 12386 | D:9      | Found a glowing golden altar of the Shining One.
 12389 | D:9      | Found a blossoming altar of Fedhas.
 12393 | D:9      | Found a stormy altar of Qazlal.
 12485 | Lair:1   | Entered Level 1 of the Lair of Beasts
 12646 | Lair:1   | Reached skill level 1 in Polearms
 12664 | Lair:1   | Reached XP level 11. HP: 31/60 MP: 16/16
 12672 | Lair:1   | Noticed an eight-headed hydra
 12682 | Lair:1   | HP: 3/60 [rime drake/flash freeze (14)]
 13134 | Lair:1   | Killed an eight-headed hydra
 13430 | Lair:1   | Reached ** piety under Sif Muna
 13515 | Lair:1   | Noticed a six-headed hydra
 13731 | D:9      | Learned a level 4 spell: Sticky Flame
 13746 | D:10     | Entered Level 10 of the Dungeon
 13817 | D:10     | Found Dygi Ter's General Store.
 13856 | D:10     | Splashed by an orc warrior's acid

Illustrated notes

Levels and vault maps discovered:
D:1:      scummos_arrival_star, layout_basic, serial_shops, shop,
          shapermc_ecumenical_altar_mp_vishouse
D:2:      layout_basic, minmay_split_cup_large, uniq_sigmund
D:3:      layout_basic, kennysheep_path_1, uniq_ijyb
D:4:      layout_loops_ring
D:5:      layout_rooms, mainiacjoe_overflow_alcove_4, serial_shops,
          nicolae_shop_stone, gammafunk_ghost_nasty_kobolds
D:6:      layout_rooms, zin_angel, gup_ossuary_entry_pyramid
D:7:      layout_gridville, mainiacjoe_overflow_cross_hatched, temple_hall,
          uniq_maggie, uniq_pikel
D:8:      layout_cave_pools, kennysheep_little_box, serial_shops,
          kennysheep_mini, doesnt_shop_hydraphobe
D:9:      layout_basic, grunt_temple_overflow_diamond, lair_entry_dummy,
          gammafunk_ghost_stat_death, chequers_serial_rivers_marsh,
          minmay_hedge_maze, hangedman_decor_lopped
D:10:     minmay_the_grid_triangle_9x9_rhombus_thin
          [minmay_the_grid_triangle_9x9_semitri,
          minmay_the_grid_triangle_9x9_prize_special,
          minmay_the_grid_triangle_9x9_alien,
          minmay_the_grid_triangle_9x9_thin_v], layout_cross,
          kennysheep_vampire_church, serial_shops, shop, shop_coins,
          nicolae_shop_crystal
Temple:   eino_temple_water
Lair:1:   layout_roguey [special_room_bee], columned_hall_lemuel, minivault_26,
          grunt_megastairs_2, serial_bayou_shore_a

Skill      XL: |  1  2  3  4  5  6  7  8  9 10 11 |
---------------+----------------------------------+-----
Earth Magic    | 4 5 6 7 9 11 12 | 12.6
Shields        | 2 4 |  4.0
Conjurations   | 1 3 4 5 7 9 10 | 10.9
Fighting       | 3 4 |  4.6
Armour         | 3 4 |  4.4
Dodging        | 3 |  3.9
Spellcasting   | 3 4 |  4.4
Polearms       | 1 2 |  2.5
Stealth        | |  2.1
Transmutations | |  0.7

Action                   |  1- 3 |  4- 6 |  7- 9 | 10-12 || total
-------------------------+-------+-------+-------+-------++-------
Melee: Long sword        |    31 |     5 |     4 |       ||    40
       Lance             |       |       |       |   108 ||   108
 Cast: Sandblast         |    29 |    26 |    58 |   122 ||   235
       Stone Arrow       |     3 |    33 |    65 |    38 ||   139
       Passwall          |       |       |       |     1 ||     1
Invok: Channel Magic     |       |       |       |     1 ||     1
Evoke: Wand              |       |     1 |     3 |       ||     4
  Use: Scroll            |     4 |     8 |     4 |     6 ||    22
       Potion            |       |       |     1 |     1 ||     2
 Stab: Sleeping          |     2 |       |       |       ||     2
Armor: Robe              |    14 |     7 |    19 |       ||    40
       Swamp dragon scal |       |       |       |   155 ||   155
Dodge: Dodged            |    15 |    14 |    16 |   137 ||   182
Block: Buckler           |     4 |     8 |    19 |    63 ||    94
       Rpst.: Long sword |     2 |     2 |     3 |       ||     7
